%YAML 1.1
%TAG !u! tag:unity3d.com,2011:
--- !u!29 &1
OcclusionCullingSettings:
  m_ObjectHideFlags: 0
  serializedVersion: 2
  m_OcclusionBakeSettings:
    smallestOccluder: 5
    smallestHole: 0.25
    backfaceThreshold: 100
  m_SceneGUID: 00000000000000000000000000000000
  m_OcclusionCullingData: {fileID: 0}
--- !u!104 &2
RenderSettings:
  m_ObjectHideFlags: 0
  serializedVersion: 9
  m_Fog: 0
  m_FogColor: {r: 0.5, g: 0.5, b: 0.5, a: 1}
  m_FogMode: 3
  m_FogDensity: 0.01
  m_LinearFogStart: 0
  m_LinearFogEnd: 300
  m_AmbientSkyColor: {r: 0.212, g: 0.227, b: 0.259, a: 1}
  m_AmbientEquatorColor: {r: 0.114, g: 0.125, b: 0.133, a: 1}
  m_AmbientGroundColor: {r: 0.047, g: 0.043, b: 0.035, a: 1}
  m_AmbientIntensity: 1
  m_AmbientMode: 0
  m_SubtractiveShadowColor: {r: 0.42, g: 0.478, b: 0.627, a: 1}
  m_SkyboxMaterial: {fileID: 10304, guid: 0000000000000000f000000000000000, type: 0}
  m_HaloStrength: 0.5
  m_FlareStrength: 1
  m_FlareFadeSpeed: 3
  m_HaloTexture: {fileID: 0}
  m_SpotCookie: {fileID: 10001, guid: 0000000000000000e000000000000000, type: 0}
  m_DefaultReflectionMode: 0
  m_DefaultReflectionResolution: 128
  m_ReflectionBounces: 1
  m_ReflectionIntensity: 1
  m_CustomReflection: {fileID: 0}
  m_Sun: {fileID: 0}
  m_IndirectSpecularColor: {r: 0, g: 0, b: 0, a: 1}
  m_UseRadianceAmbientProbe: 0
--- !u!157 &3
LightmapSettings:
  m_ObjectHideFlags: 0
  serializedVersion: 11
  m_GIWorkflowMode: 1
  m_GISettings:
    serializedVersion: 2
    m_BounceScale: 1
    m_IndirectOutputScale: 1
    m_AlbedoBoost: 1
    m_EnvironmentLightingMode: 0
    m_EnableBakedLightmaps: 1
    m_EnableRealtimeLightmaps: 0
  m_LightmapEditorSettings:
    serializedVersion: 12
    m_Resolution: 2
    m_BakeResolution: 40
    m_AtlasSize: 1024
    m_AO: 0
    m_AOMaxDistance: 1
    m_CompAOExponent: 1
    m_CompAOExponentDirect: 0
    m_ExtractAmbientOcclusion: 0
    m_Padding: 2
    m_LightmapParameters: {fileID: 0}
    m_LightmapsBakeMode: 1
    m_TextureCompression: 1
    m_FinalGather: 0
    m_FinalGatherFiltering: 1
    m_FinalGatherRayCount: 256
    m_ReflectionCompression: 2
    m_MixedBakeMode: 2
    m_BakeBackend: 1
    m_PVRSampling: 1
    m_PVRDirectSampleCount: 32
    m_PVRSampleCount: 512
    m_PVRBounces: 2
    m_PVREnvironmentSampleCount: 256
    m_PVREnvironmentReferencePointCount: 2048
    m_PVRFilteringMode: 1
    m_PVRDenoiserTypeDirect: 1
    m_PVRDenoiserTypeIndirect: 1
    m_PVRDenoiserTypeAO: 1
    m_PVRFilterTypeDirect: 0
    m_PVRFilterTypeIndirect: 0
    m_PVRFilterTypeAO: 0
    m_PVREnvironmentMIS: 1
    m_PVRCulling: 1
    m_PVRFilteringGaussRadiusDirect: 1
    m_PVRFilteringGaussRadiusIndirect: 5
    m_PVRFilteringGaussRadiusAO: 2
    m_PVRFilteringAtrousPositionSigmaDirect: 0.5
    m_PVRFilteringAtrousPositionSigmaIndirect: 2
    m_PVRFilteringAtrousPositionSigmaAO: 1
    m_ExportTrainingData: 0
    m_TrainingDataDestination: TrainingData
    m_LightProbeSampleCountMultiplier: 4
  m_LightingDataAsset: {fileID: 0}
  m_UseShadowmask: 1
--- !u!196 &4
NavMeshSettings:
  serializedVersion: 2
  m_ObjectHideFlags: 0
  m_BuildSettings:
    serializedVersion: 2
    agentTypeID: 0
    agentRadius: 0.5
    agentHeight: 2
    agentSlope: 45
    agentClimb: 0.4
    ledgeDropHeight: 0
    maxJumpAcrossDistance: 0
    minRegionArea: 2
    manualCellSize: 0
    cellSize: 0.16666667
    manualTileSize: 0
    tileSize: 256
    accuratePlacement: 0
    debug:
      m_Flags: 0
  m_NavMeshData: {fileID: 23800000, guid: c9afa359e7f9e6f4ab10133becced57e, type: 2}
--- !u!1 &21294597
GameObject:
  m_ObjectHideFlags: 0
  m_CorrespondingSourceObject: {fileID: 0}
  m_PrefabInstance: {fileID: 0}
  m_PrefabAsset: {fileID: 0}
  serializedVersion: 6
  m_Component:
  - component: {fileID: 21294599}
  - component: {fileID: 21294598}
  m_Layer: 0
  m_Name: Directional Light
  m_TagString: Untagged
  m_Icon: {fileID: 0}
  m_NavMeshLayer: 0
  m_StaticEditorFlags: 0
  m_IsActive: 1
--- !u!108 &21294598
Light:
  m_ObjectHideFlags: 0
  m_CorrespondingSourceObject: {fileID: 0}
  m_PrefabInstance: {fileID: 0}
  m_PrefabAsset: {fileID: 0}
  m_GameObject: {fileID: 21294597}
  m_Enabled: 1
  serializedVersion: 10
  m_Type: 1
  m_Shape: 0
  m_Color: {r: 1, g: 0.95686275, b: 0.8392157, a: 1}
  m_Intensity: 1
  m_Range: 10
  m_SpotAngle: 30
  m_InnerSpotAngle: 21.80208
  m_CookieSize: 10
  m_Shadows:
    m_Type: 2
    m_Resolution: -1
    m_CustomResolution: -1
    m_Strength: 1
    m_Bias: 0.05
    m_NormalBias: 0.4
    m_NearPlane: 0.2
    m_CullingMatrixOverride:
      e00: 1
      e01: 0
      e02: 0
      e03: 0
      e10: 0
      e11: 1
      e12: 0
      e13: 0
      e20: 0
      e21: 0
      e22: 1
      e23: 0
      e30: 0
      e31: 0
      e32: 0
      e33: 1
    m_UseCullingMatrixOverride: 0
  m_Cookie: {fileID: 0}
  m_DrawHalo: 0
  m_Flare: {fileID: 0}
  m_RenderMode: 0
  m_CullingMask:
    serializedVersion: 2
    m_Bits: 4294967295
  m_RenderingLayerMask: 1
  m_Lightmapping: 4
  m_LightShadowCasterMode: 0
  m_AreaSize: {x: 1, y: 1}
  m_BounceIntensity: 1
  m_ColorTemperature: 6570
  m_UseColorTemperature: 0
  m_BoundingSphereOverride: {x: 0, y: 0, z: 0, w: 0}
  m_UseBoundingSphereOverride: 0
  m_ShadowRadius: 0
  m_ShadowAngle: 0
--- !u!4 &21294599
Transform:
  m_ObjectHideFlags: 0
  m_CorrespondingSourceObject: {fileID: 0}
  m_PrefabInstance: {fileID: 0}
  m_PrefabAsset: {fileID: 0}
  m_GameObject: {fileID: 21294597}
  m_LocalRotation: {x: 0.40821788, y: -0.23456968, z: 0.10938163, w: 0.8754261}
  m_LocalPosition: {x: -0.4543712, y: 4.18921, z: 0.15987015}
  m_LocalScale: {x: 1, y: 1, z: 1}
  m_Children: []
  m_Father: {fileID: 1958895027}
  m_RootOrder: 1
  m_LocalEulerAnglesHint: {x: 50, y: -30, z: 0}
--- !u!4 &44036099 stripped
Transform:
  m_CorrespondingSourceObject: {fileID: 1030463722580556384, guid: f7416b84ebad2094397d96a9fa784bad,
    type: 3}
  m_PrefabInstance: {fileID: 621991030}
  m_PrefabAsset: {fileID: 0}
--- !u!114 &44036100 stripped
MonoBehaviour:
  m_CorrespondingSourceObject: {fileID: 3129526936861313155, guid: f7416b84ebad2094397d96a9fa784bad,
    type: 3}
  m_PrefabInstance: {fileID: 621991030}
  m_PrefabAsset: {fileID: 0}
  m_GameObject: {fileID: 0}
  m_Enabled: 1
  m_EditorHideFlags: 0
  m_Script: {fileID: 11500000, guid: 930adcbe15492d947a0be8f2432bccb4, type: 3}
  m_Name: 
  m_EditorClassIdentifier: 
--- !u!4 &60313207 stripped
Transform:
  m_CorrespondingSourceObject: {fileID: 1030463722580556384, guid: f7416b84ebad2094397d96a9fa784bad,
    type: 3}
  m_PrefabInstance: {fileID: 1094173999}
  m_PrefabAsset: {fileID: 0}
--- !u!114 &60313208 stripped
MonoBehaviour:
  m_CorrespondingSourceObject: {fileID: 3129526936861313155, guid: f7416b84ebad2094397d96a9fa784bad,
    type: 3}
  m_PrefabInstance: {fileID: 1094173999}
  m_PrefabAsset: {fileID: 0}
  m_GameObject: {fileID: 0}
  m_Enabled: 1
  m_EditorHideFlags: 0
  m_Script: {fileID: 11500000, guid: 930adcbe15492d947a0be8f2432bccb4, type: 3}
  m_Name: 
  m_EditorClassIdentifier: 
--- !u!1001 &193223028
PrefabInstance:
  m_ObjectHideFlags: 0
  serializedVersion: 2
  m_Modification:
    m_TransformParent: {fileID: 1026840566}
    m_Modifications:
    - target: {fileID: 3078094078261099991, guid: 85261cdb57c841945b4c71f3fb5cd08a,
        type: 3}
      propertyPath: m_Name
      value: LoadingScreen
      objectReference: {fileID: 0}
    - target: {fileID: 3078094078261099995, guid: 85261cdb57c841945b4c71f3fb5cd08a,
        type: 3}
      propertyPath: m_LocalPosition.x
      value: 0
      objectReference: {fileID: 0}
    - target: {fileID: 3078094078261099995, guid: 85261cdb57c841945b4c71f3fb5cd08a,
        type: 3}
      propertyPath: m_LocalPosition.y
      value: 0
      objectReference: {fileID: 0}
    - target: {fileID: 3078094078261099995, guid: 85261cdb57c841945b4c71f3fb5cd08a,
        type: 3}
      propertyPath: m_LocalPosition.z
      value: 0
      objectReference: {fileID: 0}
    - target: {fileID: 3078094078261099995, guid: 85261cdb57c841945b4c71f3fb5cd08a,
        type: 3}
      propertyPath: m_LocalRotation.x
      value: -0
      objectReference: {fileID: 0}
    - target: {fileID: 3078094078261099995, guid: 85261cdb57c841945b4c71f3fb5cd08a,
        type: 3}
      propertyPath: m_LocalRotation.y
      value: -0
      objectReference: {fileID: 0}
    - target: {fileID: 3078094078261099995, guid: 85261cdb57c841945b4c71f3fb5cd08a,
        type: 3}
      propertyPath: m_LocalRotation.z
      value: -0
      objectReference: {fileID: 0}
    - target: {fileID: 3078094078261099995, guid: 85261cdb57c841945b4c71f3fb5cd08a,
        type: 3}
      propertyPath: m_LocalRotation.w
      value: 1
      objectReference: {fileID: 0}
    - target: {fileID: 3078094078261099995, guid: 85261cdb57c841945b4c71f3fb5cd08a,
        type: 3}
      propertyPath: m_RootOrder
      value: 7
      objectReference: {fileID: 0}
    - target: {fileID: 3078094078261099995, guid: 85261cdb57c841945b4c71f3fb5cd08a,
        type: 3}
      propertyPath: m_LocalEulerAnglesHint.x
      value: 0
      objectReference: {fileID: 0}
    - target: {fileID: 3078094078261099995, guid: 85261cdb57c841945b4c71f3fb5cd08a,
        type: 3}
      propertyPath: m_LocalEulerAnglesHint.y
      value: 0
      objectReference: {fileID: 0}
    - target: {fileID: 3078094078261099995, guid: 85261cdb57c841945b4c71f3fb5cd08a,
        type: 3}
      propertyPath: m_LocalEulerAnglesHint.z
      value: 0
      objectReference: {fileID: 0}
    - target: {fileID: 3078094078261099995, guid: 85261cdb57c841945b4c71f3fb5cd08a,
        type: 3}
      propertyPath: m_AnchoredPosition.x
      value: 516
      objectReference: {fileID: 0}
    - target: {fileID: 3078094078261099995, guid: 85261cdb57c841945b4c71f3fb5cd08a,
        type: 3}
      propertyPath: m_AnchoredPosition.y
      value: 298.5
      objectReference: {fileID: 0}
    - target: {fileID: 3078094078261099995, guid: 85261cdb57c841945b4c71f3fb5cd08a,
        type: 3}
      propertyPath: m_SizeDelta.x
      value: 1032
      objectReference: {fileID: 0}
    - target: {fileID: 3078094078261099995, guid: 85261cdb57c841945b4c71f3fb5cd08a,
        type: 3}
      propertyPath: m_SizeDelta.y
      value: 597
      objectReference: {fileID: 0}
    - target: {fileID: 3078094078261099995, guid: 85261cdb57c841945b4c71f3fb5cd08a,
        type: 3}
      propertyPath: m_AnchorMin.x
      value: 0
      objectReference: {fileID: 0}
    - target: {fileID: 3078094078261099995, guid: 85261cdb57c841945b4c71f3fb5cd08a,
        type: 3}
      propertyPath: m_AnchorMin.y
      value: 0
      objectReference: {fileID: 0}
    - target: {fileID: 3078094078261099995, guid: 85261cdb57c841945b4c71f3fb5cd08a,
        type: 3}
      propertyPath: m_AnchorMax.x
      value: 0
      objectReference: {fileID: 0}
    - target: {fileID: 3078094078261099995, guid: 85261cdb57c841945b4c71f3fb5cd08a,
        type: 3}
      propertyPath: m_AnchorMax.y
      value: 0
      objectReference: {fileID: 0}
    - target: {fileID: 3078094078261099995, guid: 85261cdb57c841945b4c71f3fb5cd08a,
        type: 3}
      propertyPath: m_Pivot.x
      value: 0.5
      objectReference: {fileID: 0}
    - target: {fileID: 3078094078261099995, guid: 85261cdb57c841945b4c71f3fb5cd08a,
        type: 3}
      propertyPath: m_Pivot.y
      value: 0.5
      objectReference: {fileID: 0}
    - target: {fileID: 3078094078261099995, guid: 85261cdb57c841945b4c71f3fb5cd08a,
        type: 3}
      propertyPath: m_LocalScale.x
      value: 1
      objectReference: {fileID: 0}
    - target: {fileID: 3078094078261099995, guid: 85261cdb57c841945b4c71f3fb5cd08a,
        type: 3}
      propertyPath: m_LocalScale.y
      value: 1
      objectReference: {fileID: 0}
    - target: {fileID: 3078094078261099995, guid: 85261cdb57c841945b4c71f3fb5cd08a,
        type: 3}
      propertyPath: m_LocalScale.z
      value: 1
      objectReference: {fileID: 0}
    m_RemovedComponents: []
  m_SourcePrefab: {fileID: 100100000, guid: 85261cdb57c841945b4c71f3fb5cd08a, type: 3}
--- !u!223 &193223029 stripped
Canvas:
  m_CorrespondingSourceObject: {fileID: 3078094078261099994, guid: 85261cdb57c841945b4c71f3fb5cd08a,
    type: 3}
  m_PrefabInstance: {fileID: 193223028}
  m_PrefabAsset: {fileID: 0}
--- !u!1001 &301760603
PrefabInstance:
  m_ObjectHideFlags: 0
  serializedVersion: 2
  m_Modification:
    m_TransformParent: {fileID: 1732099986}
    m_Modifications:
    - target: {fileID: 1030463722580556384, guid: f7416b84ebad2094397d96a9fa784bad,
        type: 3}
      propertyPath: m_LocalPosition.x
      value: -15.5
      objectReference: {fileID: 0}
    - target: {fileID: 1030463722580556384, guid: f7416b84ebad2094397d96a9fa784bad,
        type: 3}
      propertyPath: m_LocalPosition.y
      value: 3.5
      objectReference: {fileID: 0}
    - target: {fileID: 1030463722580556384, guid: f7416b84ebad2094397d96a9fa784bad,
        type: 3}
      propertyPath: m_LocalPosition.z
      value: 83
      objectReference: {fileID: 0}
    - target: {fileID: 1030463722580556384, guid: f7416b84ebad2094397d96a9fa784bad,
        type: 3}
      propertyPath: m_LocalRotation.x
      value: -0
      objectReference: {fileID: 0}
    - target: {fileID: 1030463722580556384, guid: f7416b84ebad2094397d96a9fa784bad,
        type: 3}
      propertyPath: m_LocalRotation.y
      value: -0
      objectReference: {fileID: 0}
    - target: {fileID: 1030463722580556384, guid: f7416b84ebad2094397d96a9fa784bad,
        type: 3}
      propertyPath: m_LocalRotation.z
      value: -0
      objectReference: {fileID: 0}
    - target: {fileID: 1030463722580556384, guid: f7416b84ebad2094397d96a9fa784bad,
        type: 3}
      propertyPath: m_LocalRotation.w
      value: 1
      objectReference: {fileID: 0}
    - target: {fileID: 1030463722580556384, guid: f7416b84ebad2094397d96a9fa784bad,
        type: 3}
      propertyPath: m_RootOrder
      value: 1
      objectReference: {fileID: 0}
    - target: {fileID: 1030463722580556384, guid: f7416b84ebad2094397d96a9fa784bad,
        type: 3}
      propertyPath: m_LocalEulerAnglesHint.x
      value: 0
      objectReference: {fileID: 0}
    - target: {fileID: 1030463722580556384, guid: f7416b84ebad2094397d96a9fa784bad,
        type: 3}
      propertyPath: m_LocalEulerAnglesHint.y
      value: 0
      objectReference: {fileID: 0}
    - target: {fileID: 1030463722580556384, guid: f7416b84ebad2094397d96a9fa784bad,
        type: 3}
      propertyPath: m_LocalEulerAnglesHint.z
      value: 0
      objectReference: {fileID: 0}
    - target: {fileID: 4462683917407377030, guid: f7416b84ebad2094397d96a9fa784bad,
        type: 3}
      propertyPath: m_Name
      value: Turret2
      objectReference: {fileID: 0}
    m_RemovedComponents: []
  m_SourcePrefab: {fileID: 100100000, guid: f7416b84ebad2094397d96a9fa784bad, type: 3}
--- !u!1001 &309543237
PrefabInstance:
  m_ObjectHideFlags: 0
  serializedVersion: 2
  m_Modification:
    m_TransformParent: {fileID: 1732099986}
    m_Modifications:
    - target: {fileID: 1030463722580556384, guid: f7416b84ebad2094397d96a9fa784bad,
        type: 3}
      propertyPath: m_LocalPosition.x
      value: 1.3718235
      objectReference: {fileID: 0}
    - target: {fileID: 1030463722580556384, guid: f7416b84ebad2094397d96a9fa784bad,
        type: 3}
      propertyPath: m_LocalPosition.y
      value: 3.5
      objectReference: {fileID: 0}
    - target: {fileID: 1030463722580556384, guid: f7416b84ebad2094397d96a9fa784bad,
        type: 3}
      propertyPath: m_LocalPosition.z
      value: 105.032585
      objectReference: {fileID: 0}
    - target: {fileID: 1030463722580556384, guid: f7416b84ebad2094397d96a9fa784bad,
        type: 3}
      propertyPath: m_LocalRotation.x
      value: -0
      objectReference: {fileID: 0}
    - target: {fileID: 1030463722580556384, guid: f7416b84ebad2094397d96a9fa784bad,
        type: 3}
      propertyPath: m_LocalRotation.y
      value: -0
      objectReference: {fileID: 0}
    - target: {fileID: 1030463722580556384, guid: f7416b84ebad2094397d96a9fa784bad,
        type: 3}
      propertyPath: m_LocalRotation.z
      value: -0
      objectReference: {fileID: 0}
    - target: {fileID: 1030463722580556384, guid: f7416b84ebad2094397d96a9fa784bad,
        type: 3}
      propertyPath: m_LocalRotation.w
      value: 1
      objectReference: {fileID: 0}
    - target: {fileID: 1030463722580556384, guid: f7416b84ebad2094397d96a9fa784bad,
        type: 3}
      propertyPath: m_RootOrder
      value: 5
      objectReference: {fileID: 0}
    - target: {fileID: 1030463722580556384, guid: f7416b84ebad2094397d96a9fa784bad,
        type: 3}
      propertyPath: m_LocalEulerAnglesHint.x
      value: 0
      objectReference: {fileID: 0}
    - target: {fileID: 1030463722580556384, guid: f7416b84ebad2094397d96a9fa784bad,
        type: 3}
      propertyPath: m_LocalEulerAnglesHint.y
      value: 0
      objectReference: {fileID: 0}
    - target: {fileID: 1030463722580556384, guid: f7416b84ebad2094397d96a9fa784bad,
        type: 3}
      propertyPath: m_LocalEulerAnglesHint.z
      value: 0
      objectReference: {fileID: 0}
    - target: {fileID: 4462683917407377030, guid: f7416b84ebad2094397d96a9fa784bad,
        type: 3}
      propertyPath: m_Name
      value: SwingSpawn
      objectReference: {fileID: 0}
    m_RemovedComponents: []
  m_SourcePrefab: {fileID: 100100000, guid: f7416b84ebad2094397d96a9fa784bad, type: 3}
--- !u!1001 &370639130
PrefabInstance:
  m_ObjectHideFlags: 0
  serializedVersion: 2
  m_Modification:
    m_TransformParent: {fileID: 0}
    m_Modifications:
    - target: {fileID: 1288898394280268213, guid: 065d6fdb333cc884d9b58e26dbe49d3b,
        type: 3}
      propertyPath: m_LocalPosition.x
      value: 0
      objectReference: {fileID: 0}
    - target: {fileID: 1288898394280268213, guid: 065d6fdb333cc884d9b58e26dbe49d3b,
        type: 3}
      propertyPath: m_LocalPosition.y
      value: 1.5
      objectReference: {fileID: 0}
    - target: {fileID: 1288898394280268213, guid: 065d6fdb333cc884d9b58e26dbe49d3b,
        type: 3}
      propertyPath: m_LocalPosition.z
      value: 0
      objectReference: {fileID: 0}
    - target: {fileID: 1288898394280268213, guid: 065d6fdb333cc884d9b58e26dbe49d3b,
        type: 3}
      propertyPath: m_LocalRotation.x
      value: 0
      objectReference: {fileID: 0}
    - target: {fileID: 1288898394280268213, guid: 065d6fdb333cc884d9b58e26dbe49d3b,
        type: 3}
      propertyPath: m_LocalRotation.y
      value: 0
      objectReference: {fileID: 0}
    - target: {fileID: 1288898394280268213, guid: 065d6fdb333cc884d9b58e26dbe49d3b,
        type: 3}
      propertyPath: m_LocalRotation.z
      value: 0
      objectReference: {fileID: 0}
    - target: {fileID: 1288898394280268213, guid: 065d6fdb333cc884d9b58e26dbe49d3b,
        type: 3}
      propertyPath: m_LocalRotation.w
      value: 1
      objectReference: {fileID: 0}
    - target: {fileID: 1288898394280268213, guid: 065d6fdb333cc884d9b58e26dbe49d3b,
        type: 3}
      propertyPath: m_RootOrder
      value: 4
      objectReference: {fileID: 0}
    - target: {fileID: 1288898394280268213, guid: 065d6fdb333cc884d9b58e26dbe49d3b,
        type: 3}
      propertyPath: m_LocalEulerAnglesHint.x
      value: 0
      objectReference: {fileID: 0}
    - target: {fileID: 1288898394280268213, guid: 065d6fdb333cc884d9b58e26dbe49d3b,
        type: 3}
      propertyPath: m_LocalEulerAnglesHint.y
      value: 0
      objectReference: {fileID: 0}
    - target: {fileID: 1288898394280268213, guid: 065d6fdb333cc884d9b58e26dbe49d3b,
        type: 3}
      propertyPath: m_LocalEulerAnglesHint.z
      value: 0
      objectReference: {fileID: 0}
    - target: {fileID: 1288898394280268218, guid: 065d6fdb333cc884d9b58e26dbe49d3b,
        type: 3}
      propertyPath: gameManager
      value: 
      objectReference: {fileID: 1478883035}
    - target: {fileID: 1288898394280268218, guid: 065d6fdb333cc884d9b58e26dbe49d3b,
        type: 3}
      propertyPath: camera
      value: 
      objectReference: {fileID: 1459777386}
    - target: {fileID: 1288898394280268218, guid: 065d6fdb333cc884d9b58e26dbe49d3b,
        type: 3}
      propertyPath: maxHealth
      value: 100
      objectReference: {fileID: 0}
    - target: {fileID: 1288898394280268219, guid: 065d6fdb333cc884d9b58e26dbe49d3b,
        type: 3}
      propertyPath: m_Name
      value: PlayerMarble
      objectReference: {fileID: 0}
    m_RemovedComponents: []
  m_SourcePrefab: {fileID: 100100000, guid: 065d6fdb333cc884d9b58e26dbe49d3b, type: 3}
--- !u!1001 &493853533
PrefabInstance:
  m_ObjectHideFlags: 0
  serializedVersion: 2
  m_Modification:
    m_TransformParent: {fileID: 1732099986}
    m_Modifications:
    - target: {fileID: 1030463722580556384, guid: f7416b84ebad2094397d96a9fa784bad,
        type: 3}
      propertyPath: m_LocalPosition.x
      value: -8.630611
      objectReference: {fileID: 0}
    - target: {fileID: 1030463722580556384, guid: f7416b84ebad2094397d96a9fa784bad,
        type: 3}
      propertyPath: m_LocalPosition.y
      value: -3
      objectReference: {fileID: 0}
    - target: {fileID: 1030463722580556384, guid: f7416b84ebad2094397d96a9fa784bad,
        type: 3}
      propertyPath: m_LocalPosition.z
      value: 184.42793
      objectReference: {fileID: 0}
    - target: {fileID: 1030463722580556384, guid: f7416b84ebad2094397d96a9fa784bad,
        type: 3}
      propertyPath: m_LocalRotation.x
      value: -0
      objectReference: {fileID: 0}
    - target: {fileID: 1030463722580556384, guid: f7416b84ebad2094397d96a9fa784bad,
        type: 3}
      propertyPath: m_LocalRotation.y
      value: -0
      objectReference: {fileID: 0}
    - target: {fileID: 1030463722580556384, guid: f7416b84ebad2094397d96a9fa784bad,
        type: 3}
      propertyPath: m_LocalRotation.z
      value: -0
      objectReference: {fileID: 0}
    - target: {fileID: 1030463722580556384, guid: f7416b84ebad2094397d96a9fa784bad,
        type: 3}
      propertyPath: m_LocalRotation.w
      value: 1
      objectReference: {fileID: 0}
    - target: {fileID: 1030463722580556384, guid: f7416b84ebad2094397d96a9fa784bad,
        type: 3}
      propertyPath: m_RootOrder
      value: 2
      objectReference: {fileID: 0}
    - target: {fileID: 1030463722580556384, guid: f7416b84ebad2094397d96a9fa784bad,
        type: 3}
      propertyPath: m_LocalEulerAnglesHint.x
      value: 0
      objectReference: {fileID: 0}
    - target: {fileID: 1030463722580556384, guid: f7416b84ebad2094397d96a9fa784bad,
        type: 3}
      propertyPath: m_LocalEulerAnglesHint.y
      value: 0
      objectReference: {fileID: 0}
    - target: {fileID: 1030463722580556384, guid: f7416b84ebad2094397d96a9fa784bad,
        type: 3}
      propertyPath: m_LocalEulerAnglesHint.z
      value: 0
      objectReference: {fileID: 0}
    - target: {fileID: 4462683917407377030, guid: f7416b84ebad2094397d96a9fa784bad,
        type: 3}
      propertyPath: m_Name
      value: SwingSpawn1
      objectReference: {fileID: 0}
    m_RemovedComponents: []
  m_SourcePrefab: {fileID: 100100000, guid: f7416b84ebad2094397d96a9fa784bad, type: 3}
--- !u!4 &585935817 stripped
Transform:
  m_CorrespondingSourceObject: {fileID: 1030463722580556384, guid: f7416b84ebad2094397d96a9fa784bad,
    type: 3}
  m_PrefabInstance: {fileID: 1547928781}
  m_PrefabAsset: {fileID: 0}
--- !u!114 &585935818 stripped
MonoBehaviour:
  m_CorrespondingSourceObject: {fileID: 3129526936861313155, guid: f7416b84ebad2094397d96a9fa784bad,
    type: 3}
  m_PrefabInstance: {fileID: 1547928781}
  m_PrefabAsset: {fileID: 0}
  m_GameObject: {fileID: 0}
  m_Enabled: 1
  m_EditorHideFlags: 0
  m_Script: {fileID: 11500000, guid: 930adcbe15492d947a0be8f2432bccb4, type: 3}
  m_Name: 
  m_EditorClassIdentifier: 
--- !u!1001 &621991030
PrefabInstance:
  m_ObjectHideFlags: 0
  serializedVersion: 2
  m_Modification:
    m_TransformParent: {fileID: 1732099986}
    m_Modifications:
    - target: {fileID: 1030463722580556384, guid: f7416b84ebad2094397d96a9fa784bad,
        type: 3}
      propertyPath: m_LocalPosition.x
      value: 0
      objectReference: {fileID: 0}
    - target: {fileID: 1030463722580556384, guid: f7416b84ebad2094397d96a9fa784bad,
        type: 3}
      propertyPath: m_LocalPosition.y
      value: 3.5
      objectReference: {fileID: 0}
    - target: {fileID: 1030463722580556384, guid: f7416b84ebad2094397d96a9fa784bad,
        type: 3}
      propertyPath: m_LocalPosition.z
      value: 84
      objectReference: {fileID: 0}
    - target: {fileID: 1030463722580556384, guid: f7416b84ebad2094397d96a9fa784bad,
        type: 3}
      propertyPath: m_LocalRotation.x
      value: -0
      objectReference: {fileID: 0}
    - target: {fileID: 1030463722580556384, guid: f7416b84ebad2094397d96a9fa784bad,
        type: 3}
      propertyPath: m_LocalRotation.y
      value: -0
      objectReference: {fileID: 0}
    - target: {fileID: 1030463722580556384, guid: f7416b84ebad2094397d96a9fa784bad,
        type: 3}
      propertyPath: m_LocalRotation.z
      value: -0
      objectReference: {fileID: 0}
    - target: {fileID: 1030463722580556384, guid: f7416b84ebad2094397d96a9fa784bad,
        type: 3}
      propertyPath: m_LocalRotation.w
      value: 1
      objectReference: {fileID: 0}
    - target: {fileID: 1030463722580556384, guid: f7416b84ebad2094397d96a9fa784bad,
        type: 3}
      propertyPath: m_RootOrder
      value: 0
      objectReference: {fileID: 0}
    - target: {fileID: 1030463722580556384, guid: f7416b84ebad2094397d96a9fa784bad,
        type: 3}
      propertyPath: m_LocalEulerAnglesHint.x
      value: 0
      objectReference: {fileID: 0}
    - target: {fileID: 1030463722580556384, guid: f7416b84ebad2094397d96a9fa784bad,
        type: 3}
      propertyPath: m_LocalEulerAnglesHint.y
      value: 0
      objectReference: {fileID: 0}
    - target: {fileID: 1030463722580556384, guid: f7416b84ebad2094397d96a9fa784bad,
        type: 3}
      propertyPath: m_LocalEulerAnglesHint.z
      value: 0
      objectReference: {fileID: 0}
    - target: {fileID: 4462683917407377030, guid: f7416b84ebad2094397d96a9fa784bad,
        type: 3}
      propertyPath: m_Name
      value: Turret1
      objectReference: {fileID: 0}
    m_RemovedComponents: []
  m_SourcePrefab: {fileID: 100100000, guid: f7416b84ebad2094397d96a9fa784bad, type: 3}
--- !u!1 &769142417
GameObject:
  m_ObjectHideFlags: 0
  m_CorrespondingSourceObject: {fileID: 0}
  m_PrefabInstance: {fileID: 0}
  m_PrefabAsset: {fileID: 0}
  serializedVersion: 6
  m_Component:
  - component: {fileID: 769142420}
  - component: {fileID: 769142419}
  - component: {fileID: 769142418}
  m_Layer: 5
  m_Name: KeyIndicator
  m_TagString: Untagged
  m_Icon: {fileID: 0}
  m_NavMeshLayer: 0
  m_StaticEditorFlags: 0
  m_IsActive: 1
--- !u!114 &769142418
MonoBehaviour:
  m_ObjectHideFlags: 0
  m_CorrespondingSourceObject: {fileID: 0}
  m_PrefabInstance: {fileID: 0}
  m_PrefabAsset: {fileID: 0}
  m_GameObject: {fileID: 769142417}
  m_Enabled: 1
  m_EditorHideFlags: 0
  m_Script: {fileID: 11500000, guid: fe87c0e1cc204ed48ad3b37840f39efc, type: 3}
  m_Name: 
  m_EditorClassIdentifier: 
  m_Material: {fileID: 0}
  m_Color: {r: 1, g: 1, b: 1, a: 1}
  m_RaycastTarget: 1
  m_OnCullStateChanged:
    m_PersistentCalls:
      m_Calls: []
  m_Sprite: {fileID: 21300000, guid: 0144ad3ccb45fc64b940eae390f2738c, type: 3}
  m_Type: 0
  m_PreserveAspect: 0
  m_FillCenter: 1
  m_FillMethod: 4
  m_FillAmount: 1
  m_FillClockwise: 1
  m_FillOrigin: 0
  m_UseSpriteMesh: 0
  m_PixelsPerUnitMultiplier: 1
--- !u!222 &769142419
CanvasRenderer:
  m_ObjectHideFlags: 0
  m_CorrespondingSourceObject: {fileID: 0}
  m_PrefabInstance: {fileID: 0}
  m_PrefabAsset: {fileID: 0}
  m_GameObject: {fileID: 769142417}
  m_CullTransparentMesh: 0
--- !u!224 &769142420
RectTransform:
  m_ObjectHideFlags: 0
  m_CorrespondingSourceObject: {fileID: 0}
  m_PrefabInstance: {fileID: 0}
  m_PrefabAsset: {fileID: 0}
  m_GameObject: {fileID: 769142417}
  m_LocalRotation: {x: 0, y: 0, z: 0, w: 1}
  m_LocalPosition: {x: 0, y: 0, z: 0}
  m_LocalScale: {x: 1, y: 1, z: 1}
  m_Children: []
  m_Father: {fileID: 1026840566}
  m_RootOrder: 6
  m_LocalEulerAnglesHint: {x: 0, y: 0, z: 0}
  m_AnchorMin: {x: 0, y: 0}
  m_AnchorMax: {x: 0, y: 0}
  m_AnchoredPosition: {x: 16, y: 16}
  m_SizeDelta: {x: 32, y: 32}
  m_Pivot: {x: 0.5, y: 0.5}
--- !u!1 &882535459
GameObject:
  m_ObjectHideFlags: 0
  m_CorrespondingSourceObject: {fileID: 0}
  m_PrefabInstance: {fileID: 0}
  m_PrefabAsset: {fileID: 0}
  serializedVersion: 6
  m_Component:
  - component: {fileID: 882535460}
  - component: {fileID: 882535461}
  m_Layer: 0
  m_Name: Level3Manager
  m_TagString: Untagged
  m_Icon: {fileID: 0}
  m_NavMeshLayer: 0
  m_StaticEditorFlags: 0
  m_IsActive: 1
--- !u!4 &882535460
Transform:
  m_ObjectHideFlags: 0
  m_CorrespondingSourceObject: {fileID: 0}
  m_PrefabInstance: {fileID: 0}
  m_PrefabAsset: {fileID: 0}
  m_GameObject: {fileID: 882535459}
  m_LocalRotation: {x: 0, y: 0, z: 0, w: 1}
  m_LocalPosition: {x: -48.847893, y: -55.69229, z: 42.643703}
  m_LocalScale: {x: 1, y: 1, z: 1}
  m_Children: []
  m_Father: {fileID: 0}
  m_RootOrder: 1
  m_LocalEulerAnglesHint: {x: 0, y: 0, z: 0}
--- !u!114 &882535461
MonoBehaviour:
  m_ObjectHideFlags: 0
  m_CorrespondingSourceObject: {fileID: 0}
  m_PrefabInstance: {fileID: 0}
  m_PrefabAsset: {fileID: 0}
  m_GameObject: {fileID: 882535459}
  m_Enabled: 1
  m_EditorHideFlags: 0
  m_Script: {fileID: 11500000, guid: f62a468738fd0f14da0e2069d1698091, type: 3}
  m_Name: 
  m_EditorClassIdentifier: 
  gm: {fileID: 1478883035}
  spikeSpawns:
  - {fileID: 1141509514}
  capsuleSpawns: []
  turretSpawns:
  - {fileID: 44036100}
  - {fileID: 1593864581}
  spinnythingySpawns:
  - {fileID: 1641790578}
  - {fileID: 1889837635}
  speedpadSpawns:
  - {fileID: 60313208}
  - {fileID: 1365546653}
  - {fileID: 585935818}
  spikeTrap: {fileID: 789903544769171397, guid: f00830099f342f64ab1a0daa6877e41f,
    type: 3}
  evilCapsule: {fileID: 5451330699251767845, guid: cdf445da739f2e94f94d7e86c958e58e,
    type: 3}
  turret: {fileID: 3967469036635976220, guid: 90197f2e79eb44245b0fb02b0a42e3d1, type: 3}
  spinnythingy: {fileID: 7905788622049180618, guid: a813b39cfb71f134faffd48693ee2faa,
    type: 3}
  speedPad: {fileID: -7795665058405580101, guid: e0f4d8de637c2c1458ae2c1ab3c20534,
    type: 3}
--- !u!1 &883301009
GameObject:
  m_ObjectHideFlags: 0
  m_CorrespondingSourceObject: {fileID: 0}
  m_PrefabInstance: {fileID: 0}
  m_PrefabAsset: {fileID: 0}
  serializedVersion: 6
  m_Component:
  - component: {fileID: 883301012}
  - component: {fileID: 883301011}
  - component: {fileID: 883301010}
  m_Layer: 0
  m_Name: GoalTrigger
  m_TagString: Untagged
  m_Icon: {fileID: 0}
  m_NavMeshLayer: 0
  m_StaticEditorFlags: 0
  m_IsActive: 1
--- !u!65 &883301010
BoxCollider:
  m_ObjectHideFlags: 0
  m_CorrespondingSourceObject: {fileID: 0}
  m_PrefabInstance: {fileID: 0}
  m_PrefabAsset: {fileID: 0}
  m_GameObject: {fileID: 883301009}
  m_Material: {fileID: 0}
  m_IsTrigger: 1
  m_Enabled: 1
  serializedVersion: 2
  m_Size: {x: 6.54393, y: 5.251629, z: 2.5924072}
  m_Center: {x: -0.24574852, y: 2.1258144, z: -0.7962036}
--- !u!114 &883301011
MonoBehaviour:
  m_ObjectHideFlags: 0
  m_CorrespondingSourceObject: {fileID: 0}
  m_PrefabInstance: {fileID: 0}
  m_PrefabAsset: {fileID: 0}
  m_GameObject: {fileID: 883301009}
  m_Enabled: 1
  m_EditorHideFlags: 0
  m_Script: {fileID: 11500000, guid: afd602ca94c241844a727ad166900f1e, type: 3}
  m_Name: 
  m_EditorClassIdentifier: 
--- !u!4 &883301012
Transform:
  m_ObjectHideFlags: 0
  m_CorrespondingSourceObject: {fileID: 0}
  m_PrefabInstance: {fileID: 0}
  m_PrefabAsset: {fileID: 0}
  m_GameObject: {fileID: 883301009}
  m_LocalRotation: {x: 0, y: 0, z: 0, w: 1}
  m_LocalPosition: {x: -15, y: 3.5, z: 445}
  m_LocalScale: {x: 1, y: 1, z: 1}
  m_Children: []
  m_Father: {fileID: 0}
  m_RootOrder: 9
  m_LocalEulerAnglesHint: {x: 0, y: 0, z: 0}
--- !u!1001 &991450407
PrefabInstance:
  m_ObjectHideFlags: 0
  serializedVersion: 2
  m_Modification:
    m_TransformParent: {fileID: 1732099986}
    m_Modifications:
    - target: {fileID: 1030463722580556384, guid: f7416b84ebad2094397d96a9fa784bad,
        type: 3}
      propertyPath: m_LocalPosition.x
      value: -1.5
      objectReference: {fileID: 0}
    - target: {fileID: 1030463722580556384, guid: f7416b84ebad2094397d96a9fa784bad,
        type: 3}
      propertyPath: m_LocalPosition.y
      value: -3
      objectReference: {fileID: 0}
    - target: {fileID: 1030463722580556384, guid: f7416b84ebad2094397d96a9fa784bad,
        type: 3}
      propertyPath: m_LocalPosition.z
      value: 224.5
      objectReference: {fileID: 0}
    - target: {fileID: 1030463722580556384, guid: f7416b84ebad2094397d96a9fa784bad,
        type: 3}
      propertyPath: m_LocalRotation.x
      value: -0
      objectReference: {fileID: 0}
    - target: {fileID: 1030463722580556384, guid: f7416b84ebad2094397d96a9fa784bad,
        type: 3}
      propertyPath: m_LocalRotation.y
      value: -0
      objectReference: {fileID: 0}
    - target: {fileID: 1030463722580556384, guid: f7416b84ebad2094397d96a9fa784bad,
        type: 3}
      propertyPath: m_LocalRotation.z
      value: -0
      objectReference: {fileID: 0}
    - target: {fileID: 1030463722580556384, guid: f7416b84ebad2094397d96a9fa784bad,
        type: 3}
      propertyPath: m_LocalRotation.w
      value: 1
      objectReference: {fileID: 0}
    - target: {fileID: 1030463722580556384, guid: f7416b84ebad2094397d96a9fa784bad,
        type: 3}
      propertyPath: m_RootOrder
      value: 4
      objectReference: {fileID: 0}
    - target: {fileID: 1030463722580556384, guid: f7416b84ebad2094397d96a9fa784bad,
        type: 3}
      propertyPath: m_LocalEulerAnglesHint.x
      value: 0
      objectReference: {fileID: 0}
    - target: {fileID: 1030463722580556384, guid: f7416b84ebad2094397d96a9fa784bad,
        type: 3}
      propertyPath: m_LocalEulerAnglesHint.y
      value: 0
      objectReference: {fileID: 0}
    - target: {fileID: 1030463722580556384, guid: f7416b84ebad2094397d96a9fa784bad,
        type: 3}
      propertyPath: m_LocalEulerAnglesHint.z
      value: 0
      objectReference: {fileID: 0}
    - target: {fileID: 4462683917407377030, guid: f7416b84ebad2094397d96a9fa784bad,
        type: 3}
      propertyPath: m_Name
      value: SpikeTrap
      objectReference: {fileID: 0}
    m_RemovedComponents: []
  m_SourcePrefab: {fileID: 100100000, guid: f7416b84ebad2094397d96a9fa784bad, type: 3}
--- !u!1001 &1026840565
PrefabInstance:
  m_ObjectHideFlags: 0
  serializedVersion: 2
  m_Modification:
    m_TransformParent: {fileID: 0}
    m_Modifications:
    - target: {fileID: 6732325668046964387, guid: c22f92070f79c8c4f87fa133c39efdea,
        type: 3}
      propertyPath: m_Name
      value: HUD
      objectReference: {fileID: 0}
    - target: {fileID: 6732325668046964398, guid: c22f92070f79c8c4f87fa133c39efdea,
        type: 3}
      propertyPath: loadingScreen
      value: 
      objectReference: {fileID: 193223029}
    - target: {fileID: 6732325668046964398, guid: c22f92070f79c8c4f87fa133c39efdea,
        type: 3}
      propertyPath: gameManager
      value: 
      objectReference: {fileID: 1478883035}
    - target: {fileID: 6732325668046964398, guid: c22f92070f79c8c4f87fa133c39efdea,
        type: 3}
      propertyPath: keyIndicator
      value: 
      objectReference: {fileID: 769142418}
    - target: {fileID: 6732325668046964399, guid: c22f92070f79c8c4f87fa133c39efdea,
        type: 3}
      propertyPath: m_LocalPosition.x
      value: 0
      objectReference: {fileID: 0}
    - target: {fileID: 6732325668046964399, guid: c22f92070f79c8c4f87fa133c39efdea,
        type: 3}
      propertyPath: m_LocalPosition.y
      value: 0
      objectReference: {fileID: 0}
    - target: {fileID: 6732325668046964399, guid: c22f92070f79c8c4f87fa133c39efdea,
        type: 3}
      propertyPath: m_LocalPosition.z
      value: 0
      objectReference: {fileID: 0}
    - target: {fileID: 6732325668046964399, guid: c22f92070f79c8c4f87fa133c39efdea,
        type: 3}
      propertyPath: m_LocalRotation.x
      value: 0
      objectReference: {fileID: 0}
    - target: {fileID: 6732325668046964399, guid: c22f92070f79c8c4f87fa133c39efdea,
        type: 3}
      propertyPath: m_LocalRotation.y
      value: 0
      objectReference: {fileID: 0}
    - target: {fileID: 6732325668046964399, guid: c22f92070f79c8c4f87fa133c39efdea,
        type: 3}
      propertyPath: m_LocalRotation.z
      value: 0
      objectReference: {fileID: 0}
    - target: {fileID: 6732325668046964399, guid: c22f92070f79c8c4f87fa133c39efdea,
        type: 3}
      propertyPath: m_LocalRotation.w
      value: 1
      objectReference: {fileID: 0}
    - target: {fileID: 6732325668046964399, guid: c22f92070f79c8c4f87fa133c39efdea,
        type: 3}
      propertyPath: m_RootOrder
      value: 6
      objectReference: {fileID: 0}
    - target: {fileID: 6732325668046964399, guid: c22f92070f79c8c4f87fa133c39efdea,
        type: 3}
      propertyPath: m_LocalEulerAnglesHint.x
      value: 0
      objectReference: {fileID: 0}
    - target: {fileID: 6732325668046964399, guid: c22f92070f79c8c4f87fa133c39efdea,
        type: 3}
      propertyPath: m_LocalEulerAnglesHint.y
      value: 0
      objectReference: {fileID: 0}
    - target: {fileID: 6732325668046964399, guid: c22f92070f79c8c4f87fa133c39efdea,
        type: 3}
      propertyPath: m_LocalEulerAnglesHint.z
      value: 0
      objectReference: {fileID: 0}
    - target: {fileID: 6732325668046964399, guid: c22f92070f79c8c4f87fa133c39efdea,
        type: 3}
      propertyPath: m_AnchoredPosition.x
      value: 0
      objectReference: {fileID: 0}
    - target: {fileID: 6732325668046964399, guid: c22f92070f79c8c4f87fa133c39efdea,
        type: 3}
      propertyPath: m_AnchoredPosition.y
      value: 0
      objectReference: {fileID: 0}
    - target: {fileID: 6732325668046964399, guid: c22f92070f79c8c4f87fa133c39efdea,
        type: 3}
      propertyPath: m_SizeDelta.x
      value: 0
      objectReference: {fileID: 0}
    - target: {fileID: 6732325668046964399, guid: c22f92070f79c8c4f87fa133c39efdea,
        type: 3}
      propertyPath: m_SizeDelta.y
      value: 0
      objectReference: {fileID: 0}
    - target: {fileID: 6732325668046964399, guid: c22f92070f79c8c4f87fa133c39efdea,
        type: 3}
      propertyPath: m_AnchorMin.x
      value: 0
      objectReference: {fileID: 0}
    - target: {fileID: 6732325668046964399, guid: c22f92070f79c8c4f87fa133c39efdea,
        type: 3}
      propertyPath: m_AnchorMin.y
      value: 0
      objectReference: {fileID: 0}
    - target: {fileID: 6732325668046964399, guid: c22f92070f79c8c4f87fa133c39efdea,
        type: 3}
      propertyPath: m_AnchorMax.x
      value: 0
      objectReference: {fileID: 0}
    - target: {fileID: 6732325668046964399, guid: c22f92070f79c8c4f87fa133c39efdea,
        type: 3}
      propertyPath: m_AnchorMax.y
      value: 0
      objectReference: {fileID: 0}
    - target: {fileID: 6732325668046964399, guid: c22f92070f79c8c4f87fa133c39efdea,
        type: 3}
      propertyPath: m_Pivot.x
      value: 0
      objectReference: {fileID: 0}
    - target: {fileID: 6732325668046964399, guid: c22f92070f79c8c4f87fa133c39efdea,
        type: 3}
      propertyPath: m_Pivot.y
      value: 0
      objectReference: {fileID: 0}
    m_RemovedComponents: []
  m_SourcePrefab: {fileID: 100100000, guid: c22f92070f79c8c4f87fa133c39efdea, type: 3}
--- !u!224 &1026840566 stripped
RectTransform:
  m_CorrespondingSourceObject: {fileID: 6732325668046964399, guid: c22f92070f79c8c4f87fa133c39efdea,
    type: 3}
  m_PrefabInstance: {fileID: 1026840565}
  m_PrefabAsset: {fileID: 0}
--- !u!1001 &1094173999
PrefabInstance:
  m_ObjectHideFlags: 0
  serializedVersion: 2
  m_Modification:
    m_TransformParent: {fileID: 1732099986}
    m_Modifications:
    - target: {fileID: 1030463722580556384, guid: f7416b84ebad2094397d96a9fa784bad,
        type: 3}
      propertyPath: m_LocalPosition.x
      value: -13.340257
      objectReference: {fileID: 0}
    - target: {fileID: 1030463722580556384, guid: f7416b84ebad2094397d96a9fa784bad,
        type: 3}
      propertyPath: m_LocalPosition.y
      value: 3
      objectReference: {fileID: 0}
    - target: {fileID: 1030463722580556384, guid: f7416b84ebad2094397d96a9fa784bad,
        type: 3}
      propertyPath: m_LocalPosition.z
      value: 335.36526
      objectReference: {fileID: 0}
    - target: {fileID: 1030463722580556384, guid: f7416b84ebad2094397d96a9fa784bad,
        type: 3}
      propertyPath: m_LocalRotation.x
      value: -0.026424918
      objectReference: {fileID: 0}
    - target: {fileID: 1030463722580556384, guid: f7416b84ebad2094397d96a9fa784bad,
        type: 3}
      propertyPath: m_LocalRotation.y
      value: -0.1716389
      objectReference: {fileID: 0}
    - target: {fileID: 1030463722580556384, guid: f7416b84ebad2094397d96a9fa784bad,
        type: 3}
      propertyPath: m_LocalRotation.z
      value: 0.030471511
      objectReference: {fileID: 0}
    - target: {fileID: 1030463722580556384, guid: f7416b84ebad2094397d96a9fa784bad,
        type: 3}
      propertyPath: m_LocalRotation.w
      value: 0.984334
      objectReference: {fileID: 0}
    - target: {fileID: 1030463722580556384, guid: f7416b84ebad2094397d96a9fa784bad,
        type: 3}
      propertyPath: m_RootOrder
      value: 6
      objectReference: {fileID: 0}
    - target: {fileID: 1030463722580556384, guid: f7416b84ebad2094397d96a9fa784bad,
        type: 3}
      propertyPath: m_LocalEulerAnglesHint.x
      value: -2.3820002
      objectReference: {fileID: 0}
    - target: {fileID: 1030463722580556384, guid: f7416b84ebad2094397d96a9fa784bad,
        type: 3}
      propertyPath: m_LocalEulerAnglesHint.y
      value: -19.865002
      objectReference: {fileID: 0}
    - target: {fileID: 1030463722580556384, guid: f7416b84ebad2094397d96a9fa784bad,
        type: 3}
      propertyPath: m_LocalEulerAnglesHint.z
      value: 3.9630003
      objectReference: {fileID: 0}
    - target: {fileID: 4462683917407377030, guid: f7416b84ebad2094397d96a9fa784bad,
        type: 3}
      propertyPath: m_Name
      value: SpeedPad2
      objectReference: {fileID: 0}
    m_RemovedComponents: []
  m_SourcePrefab: {fileID: 100100000, guid: f7416b84ebad2094397d96a9fa784bad, type: 3}
--- !u!4 &1141509513 stripped
Transform:
  m_CorrespondingSourceObject: {fileID: 1030463722580556384, guid: f7416b84ebad2094397d96a9fa784bad,
    type: 3}
  m_PrefabInstance: {fileID: 991450407}
  m_PrefabAsset: {fileID: 0}
--- !u!114 &1141509514 stripped
MonoBehaviour:
  m_CorrespondingSourceObject: {fileID: 3129526936861313155, guid: f7416b84ebad2094397d96a9fa784bad,
    type: 3}
  m_PrefabInstance: {fileID: 991450407}
  m_PrefabAsset: {fileID: 0}
  m_GameObject: {fileID: 0}
  m_Enabled: 1
  m_EditorHideFlags: 0
  m_Script: {fileID: 11500000, guid: 930adcbe15492d947a0be8f2432bccb4, type: 3}
  m_Name: 
  m_EditorClassIdentifier: 
--- !u!1001 &1364824607
PrefabInstance:
  m_ObjectHideFlags: 0
  serializedVersion: 2
  m_Modification:
    m_TransformParent: {fileID: 1732099986}
    m_Modifications:
    - target: {fileID: 1030463722580556384, guid: f7416b84ebad2094397d96a9fa784bad,
        type: 3}
      propertyPath: m_LocalPosition.x
      value: -12.955307
      objectReference: {fileID: 0}
    - target: {fileID: 1030463722580556384, guid: f7416b84ebad2094397d96a9fa784bad,
        type: 3}
      propertyPath: m_LocalPosition.y
      value: -3
      objectReference: {fileID: 0}
    - target: {fileID: 1030463722580556384, guid: f7416b84ebad2094397d96a9fa784bad,
        type: 3}
      propertyPath: m_LocalPosition.z
      value: 260.68408
      objectReference: {fileID: 0}
    - target: {fileID: 1030463722580556384, guid: f7416b84ebad2094397d96a9fa784bad,
        type: 3}
      propertyPath: m_LocalRotation.x
      value: -0
      objectReference: {fileID: 0}
    - target: {fileID: 1030463722580556384, guid: f7416b84ebad2094397d96a9fa784bad,
        type: 3}
      propertyPath: m_LocalRotation.y
      value: -0
      objectReference: {fileID: 0}
    - target: {fileID: 1030463722580556384, guid: f7416b84ebad2094397d96a9fa784bad,
        type: 3}
      propertyPath: m_LocalRotation.z
      value: -0
      objectReference: {fileID: 0}
    - target: {fileID: 1030463722580556384, guid: f7416b84ebad2094397d96a9fa784bad,
        type: 3}
      propertyPath: m_LocalRotation.w
      value: 1
      objectReference: {fileID: 0}
    - target: {fileID: 1030463722580556384, guid: f7416b84ebad2094397d96a9fa784bad,
        type: 3}
      propertyPath: m_RootOrder
      value: 7
      objectReference: {fileID: 0}
    - target: {fileID: 1030463722580556384, guid: f7416b84ebad2094397d96a9fa784bad,
        type: 3}
      propertyPath: m_LocalEulerAnglesHint.x
      value: 0
      objectReference: {fileID: 0}
    - target: {fileID: 1030463722580556384, guid: f7416b84ebad2094397d96a9fa784bad,
        type: 3}
      propertyPath: m_LocalEulerAnglesHint.y
      value: 0
      objectReference: {fileID: 0}
    - target: {fileID: 1030463722580556384, guid: f7416b84ebad2094397d96a9fa784bad,
        type: 3}
      propertyPath: m_LocalEulerAnglesHint.z
      value: 0
      objectReference: {fileID: 0}
    - target: {fileID: 4462683917407377030, guid: f7416b84ebad2094397d96a9fa784bad,
        type: 3}
      propertyPath: m_Name
      value: SpeedPad1
      objectReference: {fileID: 0}
    m_RemovedComponents: []
  m_SourcePrefab: {fileID: 100100000, guid: f7416b84ebad2094397d96a9fa784bad, type: 3}
--- !u!4 &1365546652 stripped
Transform:
  m_CorrespondingSourceObject: {fileID: 1030463722580556384, guid: f7416b84ebad2094397d96a9fa784bad,
    type: 3}
  m_PrefabInstance: {fileID: 1364824607}
  m_PrefabAsset: {fileID: 0}
--- !u!114 &1365546653 stripped
MonoBehaviour:
  m_CorrespondingSourceObject: {fileID: 3129526936861313155, guid: f7416b84ebad2094397d96a9fa784bad,
    type: 3}
  m_PrefabInstance: {fileID: 1364824607}
  m_PrefabAsset: {fileID: 0}
  m_GameObject: {fileID: 0}
  m_Enabled: 1
  m_EditorHideFlags: 0
  m_Script: {fileID: 11500000, guid: 930adcbe15492d947a0be8f2432bccb4, type: 3}
  m_Name: 
  m_EditorClassIdentifier: 
--- !u!114 &1419397761 stripped
MonoBehaviour:
  m_CorrespondingSourceObject: {fileID: 1288898394280268218, guid: 065d6fdb333cc884d9b58e26dbe49d3b,
    type: 3}
  m_PrefabInstance: {fileID: 370639130}
  m_PrefabAsset: {fileID: 0}
  m_GameObject: {fileID: 0}
  m_Enabled: 1
  m_EditorHideFlags: 0
  m_Script: {fileID: 11500000, guid: 13eeabc8f64bffe479bc53becef069bd, type: 3}
  m_Name: 
  m_EditorClassIdentifier: 
--- !u!1 &1459777382
GameObject:
  m_ObjectHideFlags: 0
  m_CorrespondingSourceObject: {fileID: 0}
  m_PrefabInstance: {fileID: 0}
  m_PrefabAsset: {fileID: 0}
  serializedVersion: 6
  m_Component:
  - component: {fileID: 1459777385}
  - component: {fileID: 1459777384}
  - component: {fileID: 1459777383}
  - component: {fileID: 1459777386}
  m_Layer: 0
  m_Name: Main Camera
  m_TagString: MainCamera
  m_Icon: {fileID: 0}
  m_NavMeshLayer: 0
  m_StaticEditorFlags: 0
  m_IsActive: 1
--- !u!81 &1459777383
AudioListener:
  m_ObjectHideFlags: 0
  m_CorrespondingSourceObject: {fileID: 0}
  m_PrefabInstance: {fileID: 0}
  m_PrefabAsset: {fileID: 0}
  m_GameObject: {fileID: 1459777382}
  m_Enabled: 1
--- !u!20 &1459777384
Camera:
  m_ObjectHideFlags: 0
  m_CorrespondingSourceObject: {fileID: 0}
  m_PrefabInstance: {fileID: 0}
  m_PrefabAsset: {fileID: 0}
  m_GameObject: {fileID: 1459777382}
  m_Enabled: 1
  serializedVersion: 2
  m_ClearFlags: 1
  m_BackGroundColor: {r: 0.19215687, g: 0.3019608, b: 0.4745098, a: 0}
  m_projectionMatrixMode: 1
  m_GateFitMode: 2
  m_FOVAxisMode: 0
  m_SensorSize: {x: 36, y: 24}
  m_LensShift: {x: 0, y: 0}
  m_FocalLength: 50
  m_NormalizedViewPortRect:
    serializedVersion: 2
    x: 0
    y: 0
    width: 1
    height: 1
  near clip plane: 0.3
  far clip plane: 1000
  field of view: 60
  orthographic: 0
  orthographic size: 5
  m_Depth: -1
  m_CullingMask:
    serializedVersion: 2
    m_Bits: 4294967295
  m_RenderingPath: -1
  m_TargetTexture: {fileID: 0}
  m_TargetDisplay: 0
  m_TargetEye: 3
  m_HDR: 1
  m_AllowMSAA: 1
  m_AllowDynamicResolution: 0
  m_ForceIntoRT: 0
  m_OcclusionCulling: 1
  m_StereoConvergence: 10
  m_StereoSeparation: 0.022
--- !u!4 &1459777385
Transform:
  m_ObjectHideFlags: 0
  m_CorrespondingSourceObject: {fileID: 0}
  m_PrefabInstance: {fileID: 0}
  m_PrefabAsset: {fileID: 0}
  m_GameObject: {fileID: 1459777382}
  m_LocalRotation: {x: 0, y: 0, z: 0, w: 1}
  m_LocalPosition: {x: 0, y: 1, z: -10}
  m_LocalScale: {x: 1, y: 1, z: 1}
  m_Children: []
  m_Father: {fileID: 0}
  m_RootOrder: 2
  m_LocalEulerAnglesHint: {x: 0, y: 0, z: 0}
--- !u!114 &1459777386
MonoBehaviour:
  m_ObjectHideFlags: 0
  m_CorrespondingSourceObject: {fileID: 0}
  m_PrefabInstance: {fileID: 0}
  m_PrefabAsset: {fileID: 0}
  m_GameObject: {fileID: 1459777382}
  m_Enabled: 1
  m_EditorHideFlags: 0
  m_Script: {fileID: 11500000, guid: 9e3262f78e3643942a25d15f2f34107f, type: 3}
  m_Name: 
  m_EditorClassIdentifier: 
  gameManager: {fileID: 1478883035}
  cameraOffset: {x: 0, y: 10, z: -10}
  minFOV: 30
  maxFOV: 75
  zoomSensitivity: 15
  lookAroundSensitivity: 3
--- !u!1 &1478883034
GameObject:
  m_ObjectHideFlags: 0
  m_CorrespondingSourceObject: {fileID: 0}
  m_PrefabInstance: {fileID: 0}
  m_PrefabAsset: {fileID: 0}
  serializedVersion: 6
  m_Component:
  - component: {fileID: 1478883036}
  - component: {fileID: 1478883035}
  m_Layer: 0
  m_Name: GameManager
  m_TagString: Untagged
  m_Icon: {fileID: 0}
  m_NavMeshLayer: 0
  m_StaticEditorFlags: 0
  m_IsActive: 1
--- !u!114 &1478883035
MonoBehaviour:
  m_ObjectHideFlags: 0
  m_CorrespondingSourceObject: {fileID: 0}
  m_PrefabInstance: {fileID: 0}
  m_PrefabAsset: {fileID: 0}
  m_GameObject: {fileID: 1478883034}
  m_Enabled: 1
  m_EditorHideFlags: 0
  m_Script: {fileID: 11500000, guid: 9bfe375a6d81ca843b13c3e0db26b272, type: 3}
  m_Name: 
  m_EditorClassIdentifier: 
  mainCamera: {fileID: 1459777384}
  playerMarble: {fileID: 1419397761}
  looseHeight: -20
  absoluteControlScheme: 1
  playerSpawn: {fileID: 1840317081}
  allEnemies: []
  allEntities: []
--- !u!4 &1478883036
Transform:
  m_ObjectHideFlags: 0
  m_CorrespondingSourceObject: {fileID: 0}
  m_PrefabInstance: {fileID: 0}
  m_PrefabAsset: {fileID: 0}
  m_GameObject: {fileID: 1478883034}
  m_LocalRotation: {x: 0, y: 0, z: 0, w: 1}
  m_LocalPosition: {x: -16.493828, y: -64.17889, z: 49.869637}
  m_LocalScale: {x: 1, y: 1, z: 1}
  m_Children: []
  m_Father: {fileID: 0}
  m_RootOrder: 0
  m_LocalEulerAnglesHint: {x: 0, y: 0, z: 0}
--- !u!1001 &1547928781
PrefabInstance:
  m_ObjectHideFlags: 0
  serializedVersion: 2
  m_Modification:
    m_TransformParent: {fileID: 1732099986}
    m_Modifications:
    - target: {fileID: 1030463722580556384, guid: f7416b84ebad2094397d96a9fa784bad,
        type: 3}
      propertyPath: m_LocalPosition.x
      value: -5.2885647
      objectReference: {fileID: 0}
    - target: {fileID: 1030463722580556384, guid: f7416b84ebad2094397d96a9fa784bad,
        type: 3}
      propertyPath: m_LocalPosition.y
      value: 3.5
      objectReference: {fileID: 0}
    - target: {fileID: 1030463722580556384, guid: f7416b84ebad2094397d96a9fa784bad,
        type: 3}
      propertyPath: m_LocalPosition.z
      value: 143.34805
      objectReference: {fileID: 0}
    - target: {fileID: 1030463722580556384, guid: f7416b84ebad2094397d96a9fa784bad,
        type: 3}
      propertyPath: m_LocalRotation.x
      value: -0
      objectReference: {fileID: 0}
    - target: {fileID: 1030463722580556384, guid: f7416b84ebad2094397d96a9fa784bad,
        type: 3}
      propertyPath: m_LocalRotation.y
      value: -0
      objectReference: {fileID: 0}
    - target: {fileID: 1030463722580556384, guid: f7416b84ebad2094397d96a9fa784bad,
        type: 3}
      propertyPath: m_LocalRotation.z
      value: -0
      objectReference: {fileID: 0}
    - target: {fileID: 1030463722580556384, guid: f7416b84ebad2094397d96a9fa784bad,
        type: 3}
      propertyPath: m_LocalRotation.w
      value: 1
      objectReference: {fileID: 0}
    - target: {fileID: 1030463722580556384, guid: f7416b84ebad2094397d96a9fa784bad,
        type: 3}
      propertyPath: m_RootOrder
      value: 8
      objectReference: {fileID: 0}
    - target: {fileID: 1030463722580556384, guid: f7416b84ebad2094397d96a9fa784bad,
        type: 3}
      propertyPath: m_LocalEulerAnglesHint.x
      value: 0
      objectReference: {fileID: 0}
    - target: {fileID: 1030463722580556384, guid: f7416b84ebad2094397d96a9fa784bad,
        type: 3}
      propertyPath: m_LocalEulerAnglesHint.y
      value: 0
      objectReference: {fileID: 0}
    - target: {fileID: 1030463722580556384, guid: f7416b84ebad2094397d96a9fa784bad,
        type: 3}
      propertyPath: m_LocalEulerAnglesHint.z
      value: 0
      objectReference: {fileID: 0}
    - target: {fileID: 4462683917407377030, guid: f7416b84ebad2094397d96a9fa784bad,
        type: 3}
      propertyPath: m_Name
      value: SpeedPad
      objectReference: {fileID: 0}
    m_RemovedComponents: []
  m_SourcePrefab: {fileID: 100100000, guid: f7416b84ebad2094397d96a9fa784bad, type: 3}
--- !u!4 &1593864580 stripped
Transform:
  m_CorrespondingSourceObject: {fileID: 1030463722580556384, guid: f7416b84ebad2094397d96a9fa784bad,
    type: 3}
  m_PrefabInstance: {fileID: 301760603}
  m_PrefabAsset: {fileID: 0}
--- !u!114 &1593864581 stripped
MonoBehaviour:
  m_CorrespondingSourceObject: {fileID: 3129526936861313155, guid: f7416b84ebad2094397d96a9fa784bad,
    type: 3}
  m_PrefabInstance: {fileID: 301760603}
  m_PrefabAsset: {fileID: 0}
  m_GameObject: {fileID: 0}
  m_Enabled: 1
  m_EditorHideFlags: 0
  m_Script: {fileID: 11500000, guid: 930adcbe15492d947a0be8f2432bccb4, type: 3}
  m_Name: 
  m_EditorClassIdentifier: 
--- !u!1 &1625894802
GameObject:
  m_ObjectHideFlags: 0
  m_CorrespondingSourceObject: {fileID: 0}
  m_PrefabInstance: {fileID: 0}
  m_PrefabAsset: {fileID: 0}
  serializedVersion: 6
  m_Component:
  - component: {fileID: 1625894805}
  - component: {fileID: 1625894804}
  - component: {fileID: 1625894803}
  m_Layer: 0
  m_Name: EventSystem
  m_TagString: Untagged
  m_Icon: {fileID: 0}
  m_NavMeshLayer: 0
  m_StaticEditorFlags: 0
  m_IsActive: 1
--- !u!114 &1625894803
MonoBehaviour:
  m_ObjectHideFlags: 0
  m_CorrespondingSourceObject: {fileID: 0}
  m_PrefabInstance: {fileID: 0}
  m_PrefabAsset: {fileID: 0}
  m_GameObject: {fileID: 1625894802}
  m_Enabled: 1
  m_EditorHideFlags: 0
  m_Script: {fileID: 11500000, guid: 4f231c4fb786f3946a6b90b886c48677, type: 3}
  m_Name: 
  m_EditorClassIdentifier: 
  m_HorizontalAxis: Horizontal
  m_VerticalAxis: Vertical
  m_SubmitButton: Submit
  m_CancelButton: Cancel
  m_InputActionsPerSecond: 10
  m_RepeatDelay: 0.5
  m_ForceModuleActive: 0
--- !u!114 &1625894804
MonoBehaviour:
  m_ObjectHideFlags: 0
  m_CorrespondingSourceObject: {fileID: 0}
  m_PrefabInstance: {fileID: 0}
  m_PrefabAsset: {fileID: 0}
  m_GameObject: {fileID: 1625894802}
  m_Enabled: 1
  m_EditorHideFlags: 0
  m_Script: {fileID: 11500000, guid: 76c392e42b5098c458856cdf6ecaaaa1, type: 3}
  m_Name: 
  m_EditorClassIdentifier: 
  m_FirstSelected: {fileID: 0}
  m_sendNavigationEvents: 1
  m_DragThreshold: 10
--- !u!4 &1625894805
Transform:
  m_ObjectHideFlags: 0
  m_CorrespondingSourceObject: {fileID: 0}
  m_PrefabInstance: {fileID: 0}
  m_PrefabAsset: {fileID: 0}
  m_GameObject: {fileID: 1625894802}
  m_LocalRotation: {x: 0, y: 0, z: 0, w: 1}
  m_LocalPosition: {x: 0, y: 0, z: 0}
  m_LocalScale: {x: 1, y: 1, z: 1}
  m_Children: []
  m_Father: {fileID: 0}
  m_RootOrder: 3
  m_LocalEulerAnglesHint: {x: 0, y: 0, z: 0}
--- !u!4 &1641790577 stripped
Transform:
  m_CorrespondingSourceObject: {fileID: 1030463722580556384, guid: f7416b84ebad2094397d96a9fa784bad,
    type: 3}
  m_PrefabInstance: {fileID: 493853533}
  m_PrefabAsset: {fileID: 0}
--- !u!114 &1641790578 stripped
MonoBehaviour:
  m_CorrespondingSourceObject: {fileID: 3129526936861313155, guid: f7416b84ebad2094397d96a9fa784bad,
    type: 3}
  m_PrefabInstance: {fileID: 493853533}
  m_PrefabAsset: {fileID: 0}
  m_GameObject: {fileID: 0}
  m_Enabled: 1
  m_EditorHideFlags: 0
  m_Script: {fileID: 11500000, guid: 930adcbe15492d947a0be8f2432bccb4, type: 3}
  m_Name: 
  m_EditorClassIdentifier: 
--- !u!1 &1732099985
GameObject:
  m_ObjectHideFlags: 0
  m_CorrespondingSourceObject: {fileID: 0}
  m_PrefabInstance: {fileID: 0}
  m_PrefabAsset: {fileID: 0}
  serializedVersion: 6
  m_Component:
  - component: {fileID: 1732099986}
  m_Layer: 0
  m_Name: EnemySpawns
  m_TagString: Untagged
  m_Icon: {fileID: 0}
  m_NavMeshLayer: 0
  m_StaticEditorFlags: 0
  m_IsActive: 1
--- !u!4 &1732099986
Transform:
  m_ObjectHideFlags: 0
  m_CorrespondingSourceObject: {fileID: 0}
  m_PrefabInstance: {fileID: 0}
  m_PrefabAsset: {fileID: 0}
  m_GameObject: {fileID: 1732099985}
  m_LocalRotation: {x: 0, y: 0, z: 0, w: 1}
  m_LocalPosition: {x: 0, y: 0, z: 0}
  m_LocalScale: {x: 1, y: 1, z: 1}
  m_Children:
  - {fileID: 44036099}
  - {fileID: 1593864580}
  - {fileID: 1641790577}
  - {fileID: 1889837634}
  - {fileID: 1141509513}
  - {fileID: 1831893109}
  - {fileID: 60313207}
  - {fileID: 1365546652}
  - {fileID: 585935817}
  m_Father: {fileID: 0}
  m_RootOrder: 8
  m_LocalEulerAnglesHint: {x: 0, y: 0, z: 0}
--- !u!4 &1831893109 stripped
Transform:
  m_CorrespondingSourceObject: {fileID: 1030463722580556384, guid: f7416b84ebad2094397d96a9fa784bad,
    type: 3}
  m_PrefabInstance: {fileID: 309543237}
  m_PrefabAsset: {fileID: 0}
--- !u!1001 &1840317079
PrefabInstance:
  m_ObjectHideFlags: 0
  serializedVersion: 2
  m_Modification:
    m_TransformParent: {fileID: 0}
    m_Modifications:
    - target: {fileID: 4407341238513968966, guid: 0122070a55388914989350323a5b9e9b,
        type: 3}
      propertyPath: m_LocalPosition.x
      value: 0
      objectReference: {fileID: 0}
    - target: {fileID: 4407341238513968966, guid: 0122070a55388914989350323a5b9e9b,
        type: 3}
      propertyPath: m_LocalPosition.y
      value: 1
      objectReference: {fileID: 0}
    - target: {fileID: 4407341238513968966, guid: 0122070a55388914989350323a5b9e9b,
        type: 3}
      propertyPath: m_LocalPosition.z
      value: 0
      objectReference: {fileID: 0}
    - target: {fileID: 4407341238513968966, guid: 0122070a55388914989350323a5b9e9b,
        type: 3}
      propertyPath: m_LocalRotation.x
      value: 0
      objectReference: {fileID: 0}
    - target: {fileID: 4407341238513968966, guid: 0122070a55388914989350323a5b9e9b,
        type: 3}
      propertyPath: m_LocalRotation.y
      value: 0
      objectReference: {fileID: 0}
    - target: {fileID: 4407341238513968966, guid: 0122070a55388914989350323a5b9e9b,
        type: 3}
      propertyPath: m_LocalRotation.z
      value: 0
      objectReference: {fileID: 0}
    - target: {fileID: 4407341238513968966, guid: 0122070a55388914989350323a5b9e9b,
        type: 3}
      propertyPath: m_LocalRotation.w
      value: 1
      objectReference: {fileID: 0}
    - target: {fileID: 4407341238513968966, guid: 0122070a55388914989350323a5b9e9b,
        type: 3}
      propertyPath: m_RootOrder
      value: 5
      objectReference: {fileID: 0}
    - target: {fileID: 4407341238513968966, guid: 0122070a55388914989350323a5b9e9b,
        type: 3}
      propertyPath: m_LocalEulerAnglesHint.x
      value: 0
      objectReference: {fileID: 0}
    - target: {fileID: 4407341238513968966, guid: 0122070a55388914989350323a5b9e9b,
        type: 3}
      propertyPath: m_LocalEulerAnglesHint.y
      value: 0
      objectReference: {fileID: 0}
    - target: {fileID: 4407341238513968966, guid: 0122070a55388914989350323a5b9e9b,
        type: 3}
      propertyPath: m_LocalEulerAnglesHint.z
      value: 0
      objectReference: {fileID: 0}
    - target: {fileID: 4407341238513968968, guid: 0122070a55388914989350323a5b9e9b,
        type: 3}
      propertyPath: m_Name
      value: PlayerSpawn
      objectReference: {fileID: 0}
    m_RemovedComponents:
    - {fileID: 4407341238513968969, guid: 0122070a55388914989350323a5b9e9b, type: 3}
  m_SourcePrefab: {fileID: 100100000, guid: 0122070a55388914989350323a5b9e9b, type: 3}
--- !u!1 &1840317080 stripped
GameObject:
  m_CorrespondingSourceObject: {fileID: 4407341238513968968, guid: 0122070a55388914989350323a5b9e9b,
    type: 3}
  m_PrefabInstance: {fileID: 1840317079}
  m_PrefabAsset: {fileID: 0}
--- !u!114 &1840317081
MonoBehaviour:
  m_ObjectHideFlags: 0
  m_CorrespondingSourceObject: {fileID: 0}
  m_PrefabInstance: {fileID: 0}
  m_PrefabAsset: {fileID: 0}
  m_GameObject: {fileID: 1840317080}
  m_Enabled: 1
  m_EditorHideFlags: 0
  m_Script: {fileID: 11500000, guid: 5732bfa8acfcee543875c5229751f9d4, type: 3}
  m_Name: 
  m_EditorClassIdentifier: 
--- !u!1001 &1875385617
PrefabInstance:
  m_ObjectHideFlags: 0
  serializedVersion: 2
  m_Modification:
    m_TransformParent: {fileID: 1732099986}
    m_Modifications:
    - target: {fileID: 1030463722580556384, guid: f7416b84ebad2094397d96a9fa784bad,
        type: 3}
      propertyPath: m_LocalPosition.x
      value: -12.5
      objectReference: {fileID: 0}
    - target: {fileID: 1030463722580556384, guid: f7416b84ebad2094397d96a9fa784bad,
        type: 3}
      propertyPath: m_LocalPosition.y
      value: -3
      objectReference: {fileID: 0}
    - target: {fileID: 1030463722580556384, guid: f7416b84ebad2094397d96a9fa784bad,
        type: 3}
      propertyPath: m_LocalPosition.z
      value: 178
      objectReference: {fileID: 0}
    - target: {fileID: 1030463722580556384, guid: f7416b84ebad2094397d96a9fa784bad,
        type: 3}
      propertyPath: m_LocalRotation.x
      value: -0
      objectReference: {fileID: 0}
    - target: {fileID: 1030463722580556384, guid: f7416b84ebad2094397d96a9fa784bad,
        type: 3}
      propertyPath: m_LocalRotation.y
      value: -0
      objectReference: {fileID: 0}
    - target: {fileID: 1030463722580556384, guid: f7416b84ebad2094397d96a9fa784bad,
        type: 3}
      propertyPath: m_LocalRotation.z
      value: -0
      objectReference: {fileID: 0}
    - target: {fileID: 1030463722580556384, guid: f7416b84ebad2094397d96a9fa784bad,
        type: 3}
      propertyPath: m_LocalRotation.w
      value: 1
      objectReference: {fileID: 0}
    - target: {fileID: 1030463722580556384, guid: f7416b84ebad2094397d96a9fa784bad,
        type: 3}
      propertyPath: m_RootOrder
      value: 3
      objectReference: {fileID: 0}
    - target: {fileID: 1030463722580556384, guid: f7416b84ebad2094397d96a9fa784bad,
        type: 3}
      propertyPath: m_LocalEulerAnglesHint.x
      value: 0
      objectReference: {fileID: 0}
    - target: {fileID: 1030463722580556384, guid: f7416b84ebad2094397d96a9fa784bad,
        type: 3}
      propertyPath: m_LocalEulerAnglesHint.y
      value: 0
      objectReference: {fileID: 0}
    - target: {fileID: 1030463722580556384, guid: f7416b84ebad2094397d96a9fa784bad,
        type: 3}
      propertyPath: m_LocalEulerAnglesHint.z
      value: 0
      objectReference: {fileID: 0}
    - target: {fileID: 4462683917407377030, guid: f7416b84ebad2094397d96a9fa784bad,
        type: 3}
      propertyPath: m_Name
      value: SwingSpawn2
      objectReference: {fileID: 0}
    m_RemovedComponents: []
  m_SourcePrefab: {fileID: 100100000, guid: f7416b84ebad2094397d96a9fa784bad, type: 3}
--- !u!1 &1880728940
GameObject:
  m_ObjectHideFlags: 0
  m_CorrespondingSourceObject: {fileID: 0}
  m_PrefabInstance: {fileID: 0}
  m_PrefabAsset: {fileID: 0}
  serializedVersion: 6
  m_Component:
  - component: {fileID: 1880728941}
  - component: {fileID: 1880728945}
  - component: {fileID: 1880728944}
  - component: {fileID: 1880728942}
  m_Layer: 9
  m_Name: LevelGeometry
  m_TagString: Untagged
  m_Icon: {fileID: 0}
  m_NavMeshLayer: 0
  m_StaticEditorFlags: 8
  m_IsActive: 1
--- !u!4 &1880728941
Transform:
  m_ObjectHideFlags: 0
  m_CorrespondingSourceObject: {fileID: 0}
  m_PrefabInstance: {fileID: 0}
  m_PrefabAsset: {fileID: 0}
  m_GameObject: {fileID: 1880728940}
  m_LocalRotation: {x: -0, y: -0, z: -0, w: 1}
  m_LocalPosition: {x: -2.9543712, y: 1.1892099, z: -1.3401299}
  m_LocalScale: {x: 1, y: 1, z: 1}
  m_Children: []
  m_Father: {fileID: 1958895027}
  m_RootOrder: 0
  m_LocalEulerAnglesHint: {x: 0, y: 0, z: 0}
--- !u!64 &1880728942
MeshCollider:
  m_ObjectHideFlags: 0
  m_CorrespondingSourceObject: {fileID: 0}
  m_PrefabInstance: {fileID: 0}
  m_PrefabAsset: {fileID: 0}
  m_GameObject: {fileID: 1880728940}
  m_Material: {fileID: 0}
  m_IsTrigger: 0
  m_Enabled: 1
  serializedVersion: 4
  m_Convex: 0
  m_CookingOptions: 30
  m_Mesh: {fileID: 4300000, guid: 0341671f28dbbc24badcf2b5ea87f205, type: 2}
--- !u!23 &1880728944
MeshRenderer:
  m_ObjectHideFlags: 0
  m_CorrespondingSourceObject: {fileID: 0}
  m_PrefabInstance: {fileID: 0}
  m_PrefabAsset: {fileID: 0}
  m_GameObject: {fileID: 1880728940}
  m_Enabled: 1
  m_CastShadows: 1
  m_ReceiveShadows: 1
  m_DynamicOccludee: 1
  m_MotionVectors: 1
  m_LightProbeUsage: 1
  m_ReflectionProbeUsage: 1
  m_RayTracingMode: 2
  m_RenderingLayerMask: 1
  m_RendererPriority: 0
  m_Materials:
  - {fileID: 2100000, guid: eb689f86740c72946a20ea293182961b, type: 2}
  - {fileID: 2100000, guid: 2d7c1c1ab5252404a8b82f70578bf1dd, type: 2}
  - {fileID: 2100000, guid: f14accf3ea678ee4eaf84318fec3df0d, type: 2}
  m_StaticBatchInfo:
    firstSubMesh: 0
    subMeshCount: 0
  m_StaticBatchRoot: {fileID: 0}
  m_ProbeAnchor: {fileID: 0}
  m_LightProbeVolumeOverride: {fileID: 0}
  m_ScaleInLightmap: 1
  m_ReceiveGI: 1
  m_PreserveUVs: 0
  m_IgnoreNormalsForChartDetection: 0
  m_ImportantGI: 0
  m_StitchLightmapSeams: 1
  m_SelectedEditorRenderState: 2
  m_MinimumChartSize: 4
  m_AutoUVMaxDistance: 0.5
  m_AutoUVMaxAngle: 89
  m_LightmapParameters: {fileID: 0}
  m_SortingLayerID: 0
  m_SortingLayer: 0
  m_SortingOrder: 0
--- !u!33 &1880728945
MeshFilter:
  m_ObjectHideFlags: 0
  m_CorrespondingSourceObject: {fileID: 0}
  m_PrefabInstance: {fileID: 0}
  m_PrefabAsset: {fileID: 0}
  m_GameObject: {fileID: 1880728940}
  m_Mesh: {fileID: 4300000, guid: 0341671f28dbbc24badcf2b5ea87f205, type: 2}
--- !u!4 &1889837634 stripped
Transform:
  m_CorrespondingSourceObject: {fileID: 1030463722580556384, guid: f7416b84ebad2094397d96a9fa784bad,
    type: 3}
  m_PrefabInstance: {fileID: 1875385617}
  m_PrefabAsset: {fileID: 0}
--- !u!114 &1889837635 stripped
MonoBehaviour:
  m_CorrespondingSourceObject: {fileID: 3129526936861313155, guid: f7416b84ebad2094397d96a9fa784bad,
    type: 3}
  m_PrefabInstance: {fileID: 1875385617}
  m_PrefabAsset: {fileID: 0}
  m_GameObject: {fileID: 0}
  m_Enabled: 1
  m_EditorHideFlags: 0
  m_Script: {fileID: 11500000, guid: 930adcbe15492d947a0be8f2432bccb4, type: 3}
  m_Name: 
  m_EditorClassIdentifier: 
--- !u!1 &1958895026
GameObject:
  m_ObjectHideFlags: 0
  m_CorrespondingSourceObject: {fileID: 0}
  m_PrefabInstance: {fileID: 0}
  m_PrefabAsset: {fileID: 0}
  serializedVersion: 6
  m_Component:
  - component: {fileID: 1958895027}
  m_Layer: 9
  m_Name: LevelGeometry
  m_TagString: Untagged
  m_Icon: {fileID: 0}
  m_NavMeshLayer: 0
  m_StaticEditorFlags: 0
  m_IsActive: 1
--- !u!4 &1958895027
Transform:
  m_ObjectHideFlags: 0
  m_CorrespondingSourceObject: {fileID: 0}
  m_PrefabInstance: {fileID: 0}
  m_PrefabAsset: {fileID: 0}
  m_GameObject: {fileID: 1958895026}
  m_LocalRotation: {x: 0, y: 0, z: 0, w: 1}
  m_LocalPosition: {x: 0.4543712, y: -1.1892099, z: -0.15987015}
  m_LocalScale: {x: 1, y: 1, z: 1}
  m_Children:
  - {fileID: 1880728941}
  - {fileID: 21294599}
  m_Father: {fileID: 0}
  m_RootOrder: 7
  m_LocalEulerAnglesHint: {x: 0, y: 0, z: 0}
